 Dungeon Crawl Stone Soup version 0.20.1-1-g8b1a95d (webtiles) character file.

28 trancid the Ruffian (level 2, -7/23 HPs)
             Began as a Draconian Transmuter on July 30, 2017.
             Mangled by a gnoll
             ... wielding a +0 spear
              (9 damage)
             ... on level 2 of the Dungeon.
             The game lasted 00:05:34 (607 turns).

trancid the Ruffian (Draconian Transmuter)           Turns: 607, Time: 00:05:35

Health: -7/23      AC:  4    Str: 12    XL:     2   Next: 96%
Magic:  5/5        EV: 12    Int: 13    God:
Gold:   41         SH:  0    Dex: 11    Spells: 4/5 levels left

rFire    . . .     SeeInvis .   i - +0 spear
rCold    . . .     Gourm    .   (no shield)
rNeg     . . .     Faith    .   (armour unavailable)
rPois    .         Spirit   .   (helmet restricted)
rElec    .         Reflect  .   (no cloak)
rCorr    .         Harm     .   (no gloves)
MR       .....                  (no boots)
Stlth    +.........             (no amulet)
Regen    0.1/turn               (no ring)
MPRegen  0.1/turn               (no ring)

@: no status effects
A: unfitting armour, cold-blooded, AC +4
a: no special abilities


You were on level 2 of the Dungeon.
You were not hungry.

You visited 1 branch of the dungeon, and saw 2 of its levels.

You collected 41 gold pieces.

Inventory:

Hand Weapons
 e - a +0 club
 f - a +0 hand axe
 i - a +0 spear (weapon)
 l - a +0 club
 p - a +0 dagger
 r - a +0 rapier
Missiles
 a - 12 arrows
 h - 13 stones (quivered)
Armour
 q - a +0 leather armour
Scrolls
 g - a scroll of recharging {unknown}
 k - a scroll of enchant weapon {unknown}
 m - a scroll of magic mapping {unknown}
 n - a scroll of immolation {unknown}
 o - 2 scrolls of remove curse {unknown}
Books
 b - a book of Changes

   Spells                             Type                      Level
   a - Beastly Appendage              Transmutation                1
   b - Sticks to Snakes               Transmutation                2
   c - Spider Form                    Transmutation/Poison         3
   d - Ice Form                       Ice/Transmutation            4
   e - Blade Hands                    Transmutation                5
Comestibles
 c - a bread ration
 d - a royal jelly
 j - 4 meat rations


   Skills:
 + Level 1.1 Fighting
 + Level 0.2 Axes
 + Level 2.0 Dodging
 + Level 3.8 Unarmed Combat
 + Level 2.0 Spellcasting
 + Level 2.2 Transmutations


You had 4 spell levels left.
You knew the following spells:

 Your Spells              Type           Power        Failure   Level  Hunger
a - Beastly Appendage     Tmut           #.....       11%         1    ##.....


Dungeon Overview and Level Annotations

Branches:
Dungeon (2/15)

Altars:


Innate Abilities, Weirdness & Mutations

Your plain brown scales are hard. (AC +4)
You cannot fit into any form of body armour.
You are cold-blooded and may be slowed by cold attacks.


Message History

The gnoll misses you. The jackal barely misses you.
You closely miss the jackal. The jackal misses you.
The gnoll closely misses you. The jackal barely misses you.
The gnoll hits you from afar with a spear.
You barely miss the jackal.
The jackal bites you but does no damage.
The gnoll hits you from afar with a spear.
You barely miss the jackal. The jackal bites you.
The jackal closely misses you. The gnoll closely misses you.
You hit the jackal.
The jackal is heavily wounded.
The jackal bites you.
The gnoll hits you from afar with a spear.
* * * LOW HITPOINT WARNING * * *
You hit the jackal.
The jackal is severely wounded.
The jackal bites you.
* * * LOW HITPOINT WARNING * * *
The gnoll hits you from afar with a spear!
You die...

##### +...# #... +.g
####h#### #..P@P..#
#.......#
#######....#####
#..............#
#....######.......# #
.....#### #..>....#
....#############.......#
#.......................#
##.######...............#


You could see a gnoll and a jackal.

Vanquished Creatures
  An adder (D:2)
  2 leopard geckos (D:1)
  A giant cockroach (D:1)
  3 goblins
  2 hobgoblins (D:1)
  A jackal (D:2)
  2 kobolds (D:1)
  2 bats (D:1)
  A rat (D:1)
15 creatures vanquished.

Notes
Turn   | Place    | Note
-------+----------+-------------------------------------------
     0 | D:1      | trancid the Draconian Transmuter began the quest for the Orb.
     0 | D:1      | Reached XP level 1. HP: 16/16 MP: 3/3
   247 | D:1      | Reached XP level 2. HP: 20/23 MP: 5/5
   607 | D:2      | Mangled by a gnoll

Skill      XL: |  1  2 |
---------------+-------+-----
Dodging        | 2 |  2.0
Fighting       | |  1.1
Axes           | |  0.2
Unarmed Combat | |  3.8
Spellcasting   | |  2.0
Transmutations | |  2.2

Action                   || total
-------------------------++-------
Melee: Unarmed           ||    48
       Tailslap          ||     3
       Spear             ||    10
       Hand axe          ||     7
       Punch             ||     1
 Stab: Sleeping          ||     1
Armor: Skin              ||    17
Dodge: Dodged            ||    52
